 Dungeon Crawl Stone Soup version 0.23.0-2-g0fe3ce5 (webtiles) character file.

Game seed: 1341556542138613357

10388 Fang the Fighter (level 11, -5/73 HPs)
             Began as a Gargoyle Berserker on Feb 19, 2019.
             Was a High Priest of Trog.
             Killed from afar by Maurice (13 damage)
             ... with a wand of acid (3)
             ... on level 10 of the Dungeon.
             The game lasted 00:15:39 (9735 turns).

Fang the Fighter (Gargoyle Berserker)               Turns: 9735, Time: 00:15:40

Health: -5/73      AC: 23    Str: 23    XL:     11   Next: 61%
Magic:  11/11      EV: 10    Int:  9    God:    Trog [*****.]
Gold:   668        SH:  0    Dex:  9    Spells: 10/10 levels left

rFire    . . .     SeeInvis .   z - +4 war axe
rCold    . . .     Gourm    .   (no shield)
rNeg     + . .     Faith    .   d - +0 plate armour
rPois    ∞         Spirit   .   (no helmet)
rElec    +         Reflect  .   m - +0 cloak "Hiaxt" {MR+}
rCorr    .         Harm     .   (no gloves)
MR       +....                  (no boots)
Stlth    ..........             a - amulet of the acrobat
HPRegen  0.22/turn              (no ring)
MPRegen  0.12/turn              g - +3 ring of protection

@: corroded
A: negative energy resistance 1, electricity resistance, unbreathing,
petrification resistance, rot immunity, AC +8
a: Berserk, Trog's Hand, Brothers in Arms, Renounce Religion


You were on level 10 of the Dungeon.
You worshipped Trog.
Trog was extremely pleased with you.
You were hungry.

You visited 2 branches of the dungeon, and saw 11 of its levels.
You also visited: Bailey.

You collected 668 gold pieces.

Inventory:

Hand Weapons
 z - a +4 war axe (weapon)
Armour
 d - a +0 plate armour (worn)
 m - the +0 cloak "Hiaxt" (worn) {MR+}
   (You found it on level 8 of the Dungeon)

   It affects your resistance to hostile enchantments.
 y - a scarf of cloud immunity
Jewellery
 a - an amulet of the acrobat (around neck)
 g - a +3 ring of protection (right hand)
 u - an uncursed ring of magical power
 w - a cursed ring of attention {unknown}
Wands
 i - a wand of flame (58)
 p - a wand of scattershot (12)
 t - a wand of paralysis (11)
 x - a wand of random effects (36)
Scrolls
 e - 2 scrolls of teleportation
 j - 6 scrolls of remove curse
Potions
 f - a potion of agility
 h - 3 potions of curing
 l - 6 potions of heal wounds
 n - a potion of flight {unknown}
 o - 5 potions of haste
 q - a potion of magic
 r - 2 potions of brilliance {unknown}
 s - 2 potions of resistance
Comestibles
 b - 14 chunks of flesh
 c - 19 rations


   Skills:
 + Level 10.4 Fighting
 + Level 8.8 Axes
 + Level 10.1 Armour
 + Level 7.7 Dodging


You had 10 spell levels left.
You didn't know any spells.
Your spell library was empty.

Dungeon Overview and Level Annotations

Branches:
Dungeon (10/15)            Temple (1/1) D:5            Lair (0/6) D:10
    Orc: D:9-12

Altars:
Ashenzari
Cheibriados
Dithmenos
Fedhas
Gozag
Makhleb
Nemelex Xobeh
Okawaru
Qazlal
Sif Muna
Trog
Xom
Yredelemnul
Zin

Shops:
D:4 [*

Annotations:
D:10 Maurice


Innate Abilities, Weirdness & Mutations

You are resistant to torment.
Your stone body is resilient. (AC +8)
You are immune to poison.
You resist negative energy. (rN+)
You are resistant to electric shocks. (rElec)
You can survive without breathing.
You are immune to petrification.
You are immune to rotting.


Message History

You hear a zap.
A bolt of acid appears from out of thin air!
The bolt of acid misses you.
You swing at nothing.
You hear a zap.
A bolt of acid appears from out of thin air!
The bolt of acid hits you!
You are splashed with acid!
* * * LOW HITPOINT WARNING * * *
You swing at nothing.
Your plate armour prevents you from hitting something.
Something hits you but does no damage.
You hit something but do no damage. Something hits you.
* * * LOW HITPOINT WARNING * * *
Something steals your scroll of fear!
You miss something. Something hits you but does no damage.
You closely miss something. Something hits you but does no damage.
You hear a zap.
A bolt of acid appears from out of thin air!
The bolt of acid hits you!
You die...

############
##########
#.....{@...#
#.).......
#..######..#
#......... #..#
#.........
#..####.........
#...............
#...............
#...............
#........#######
#........# #


There were no monsters in sight!

Vanquished Creatures
  A two-headed ogre (D:9)
  Joseph (D:7)
  A cyclops (D:9)
  A komodo dragon (D:10)
  A troll (D:10)
  Prince Ribbit (D:7)
  Grinder (D:4)
  2 hippogriffs
  Sigmund (D:6)
  A wyvern (D:9)
  A human (D:7)
  4 hogs (D:7)
  6 yaks (D:10)
  A hungry ghost (D:8)
  Edmund (D:4)
  4 orc warriors
  4 necrophages (D:9)
  2 ice beasts
  2 eyes of draining (D:5)
  2 phantoms
  7 ogres
  4 centaurs
  A crocodile (D:8)
  2 big kobolds
  8 bullfrogs
  3 scorpions
  5 killer bees
  7 wights
  5 crimson imps
  A bullfrog zombie (D:10)
  A centaur zombie (D:9)
  9 hounds
  5 jellies
  6 orc wizards
  3 gnoll shamans
  2 orc priests (D:5)
  5 centaur skeletons
  7 bullfrog skeletons
  4 iguanas
  Ijyb (D:3)
  3 worker ants
  2 hound zombies
  2 hound skeletons
  21 gnolls
  11 adders
  3 shadow imps
  An ooze (D:3)
  2 adder skeletons
  An adder zombie (D:9)
  3 worms
  3 dart slugs
  7 leopard geckos
  47 orcs
  A giant cockroach (D:5)
  8 goblins
  2 hobgoblins (D:1)
  7 jackals
  4 quokkas
  A ball python (D:7)
  9 bats
  A frilled lizard (D:2)
  6 kobolds
  A leopard gecko skeleton (D:4)
  A leopard gecko zombie (D:5)
  2 quokka skeletons
  5 rats
  A bush (D:9)
  2 plants (D:9)
281 creatures vanquished.

Vanquished Creatures (collateral kills)
  3 killer bees (D:9)
3 creatures vanquished.

Vanquished Creatures (others)
  5 dream sheep (D:3)
  3 plants
8 creatures vanquished.

Grand Total: 292 creatures vanquished

Notes
Turn   | Place    | Note
-------+----------+-------------------------------------------
     0 | D:1      | Fang the Gargoyle Berserker began the quest for the Orb.
     0 | D:1      | Reached XP level 1. HP: 14/14 MP: 1/1
   309 | D:1      | Reached XP level 2. HP: 18/19 MP: 2/2
   861 | D:2      | Reached XP level 3. HP: 22/23 MP: 3/3
   867 | D:2      | Found a sparkling altar of Nemelex Xobeh.
   935 | D:2      | Found a stormy altar of Qazlal.
  1062 | D:2      | Found a basalt altar of Yredelemnul.
  1310 | D:2      | Reached ** piety under Trog
  1310 | D:2      | Reached XP level 4. HP: 29/29 MP: 4/4
  1427 | D:3      | Noticed Ijyb
  1439 | D:3      | Killed Ijyb
  1477 | D:3      | Reached XP level 5. HP: 31/33 MP: 5/5
  1955 | D:3      | Found a shadowy altar of Dithmenos.
  2110 | D:3      | Noticed a dream sheep
  2110 | D:3      | Noticed a dream sheep
  2110 | D:3      | Noticed a dream sheep
  2110 | D:3      | Noticed a dream sheep
  2110 | D:3      | Noticed a dream sheep
  2110 | D:3      | Found a shimmering altar of Xom.
  2113 | D:3      | Killed a dream sheep
  2114 | D:3      | Killed a dream sheep
  2114 | D:3      | Reached XP level 6. HP: 22/39 MP: 6/6
  2115 | D:3      | Killed a dream sheep
  2115 | D:3      | Killed a dream sheep
  2115 | D:3      | Killed a dream sheep
  2467 | D:4      | Found Qaizid's Armour Shoppe.
  2599 | D:4      | Noticed Edmund
  2616 | D:4      | Killed Edmund
  2678 | D:4      | Reached skill level 5 in Fighting
  2708 | D:4      | Reached XP level 7. HP: 18/44 MP: 7/7
  2964 | D:4      | Found Zin's Purification Station.
  2967 | D:4      | Found a glowing silver altar of Zin.
  3171 | D:4      | Noticed Grinder
  3183 | D:4      | Paralysed by Grinder for 2 turns
  3198 | D:4      | Paralysed by Grinder for 6 turns
  3225 | D:4      | Killed Grinder
  3448 | D:5      | Entered Level 5 of the Dungeon
  3455 | D:5      | Reached *** piety under Trog
  3455 | D:5      | Reached skill level 5 in Armour
  3795 | D:5      | Reached XP level 8. HP: 37/51 MP: 8/8
  3801 | D:5      | Found an iron altar of Okawaru.
  4091 | D:5      | Reached skill level 5 in Axes
  4343 | D:5      | Found a staircase to the Ecumenical Temple.
  4364 | Temple   | Entered the Ecumenical Temple
  4435 | D:5      | Found a bloodstained altar of Trog.
  4502 | D:5      | Reached **** piety under Trog
  4673 | D:5      | Reached XP level 9. HP: 49/56 MP: 9/9
  5131 | D:6      | Reached skill level 5 in Dodging
  5139 | D:6      | Noticed Sigmund
  5140 | D:6      | Found a snail-covered altar of Cheibriados.
  5164 | D:6      | Killed Sigmund
  5203 | D:6      | Found an opulent altar of Gozag.
  5284 | D:6      | Found a burning altar of Makhleb.
  5513 | D:6      | Found a sparkling altar of Nemelex Xobeh.
  5748 | D:7      | Noticed Joseph
  5782 | D:7      | Killed Joseph
  5877 | D:7      | Noticed Prince Ribbit
  5920 | D:7      | Killed Prince Ribbit
  5920 | D:7      | Reached XP level 10. HP: 33/64 MP: 10/10
  6627 | D:7      | Found a deep blue altar of Sif Muna.
  6734 | D:7      | Found a sparkling altar of Nemelex Xobeh.
  6759 | D:8      | Got a crude cloak
  6800 | D:7      | Identified the +0 cloak "Hiaxt" {MR+} (You found it on
                  | level 8 of the Dungeon)
  6823 | D:8      | Paralysed by fainting for 7 turns
  6831 | D:8      | Received a gift from Trog
  7088 | D:8      | Found a flagged portal.
  7227 | D:8      | Reached ***** piety under Trog
  7379 | Bailey   | Entered a bailey
  7379 | Bailey   | Noticed an orc knight
  7379 | Bailey   | Noticed an orc knight
  7887 | D:9      | Noticed a two-headed ogre
  7902 | D:9      | Killed a two-headed ogre
  7902 | D:9      | Reached XP level 11. HP: 22/72 MP: 11/11
  7989 | D:9      | Noticed a cyclops
  8001 | D:9      | Killed a cyclops
  8443 | D:9      | Found a blossoming altar of Fedhas.
  8479 | D:9      | Found a shattered altar of Ashenzari.
  8686 | D:9      | Reached skill level 10 in Fighting
  9060 | D:10     | Entered Level 10 of the Dungeon
  9210 | D:10     | Reached skill level 10 in Armour
  9455 | D:10     | Found a staircase to the Lair.
  9717 | D:10     | Noticed Maurice
  9735 | D:10     | Killed from afar by Maurice

Skill      XL: |  1  2  3  4  5  6  7  8  9 10 11 |
---------------+----------------------------------+-----
Axes           | 3 4 5 6 8 |  8.8
Dodging        | 2 3 4 5 7 |  7.7
Armour         | 3 4 5 6 7 9 10 | 10.1
Fighting       | 4 5 6 8 9 10 | 10.4

Action                   |  1- 3 |  4- 6 |  7- 9 | 10-12 || total
-------------------------+-------+-------+-------+-------++-------
Melee: Hand axe          |   105 |   203 |   253 |       ||   561
       War axe           |       |       |   252 |   523 ||   775
Invok: Berserk           |       |     2 |     2 |     6 ||    10
       Brothers in Arms  |       |       |       |     1 ||     1
  Use: Scroll            |       |       |    13 |     3 ||    16
  Eat: Chunk             |     1 |     6 |     7 |    18 ||    32
       Ration            |       |       |     2 |     1 ||     3
Armor: Animal skin       |    14 |       |       |       ||    14
       Plate armour      |    58 |   129 |   404 |   492 ||  1083
Dodge: Dodged            |    53 |    53 |   259 |   345 ||   710
Block: Other             |       |       |    38 |       ||    38
       Reflection        |       |       |     1 |       ||     1
